Map: Triton LE

Players

OptimusPrime - Winner!

  • Race: Terran Terran
  • League: Gold
  • Spawn Location: 11:00

pHARM

  • Race: Zerg Zerg
  • League: Platinum
  • Spawn Location: 5:00

VOD

Have the link to the VOD?

Description

Time

  • Played on: Aug. 25, 2019, 8:25 a.m.
  • Length: 12:37
Show
View Real Time Build Order
Export as new Build Order

OptimusPrime Terran - Winner!

Build Orders: Mech 

Get SALT Encoding   

  12  0:01  SCV  
  13  0:13  SCV  
  14  0:17  Supply Depot  
  14  0:25  SCV  
  15  0:30  Refinery  
  15  0:39  SCV  
  16  0:45  Barracks  
  16  0:51  SCV  
  17  1:03  SCV  
  18  1:15  SCV  
  19  1:27  SCV  
  19  1:32  Reaper  
  21  1:39  Orbital Command  
  21  1:50  Command Center  
  21  2:04  Factory  
  21  2:08  SCV  
  22  2:16  Barracks Reactor  
  22  2:19  Supply Depot  
  22  2:20  SCV  
  22  2:21  Refinery  
  23  2:36  SCV  
  23  2:41  Bunker  
  23  2:48  SCV  
  24  3:00  SCV  
  24  3:05  Orbital Command  
  25  3:12  SCV  
  26  3:16  Hellion x2  
  26  3:19  Barracks Tech Lab  
  30  3:20  Starport  
  30  3:24  SCV  
  31  3:34  Supply Depot  
  31  3:35  SCV  
  31  3:36  SCV  
  33  3:46  Factory  
  33  3:47  Armory  
  33  3:48  SCV  
  33  3:50  Supply Depot  
  34  3:56  Engineering Bay  
  34  3:59  Medivac  
  36  4:03  SCV  
  37  4:25  Marine  
  38  4:31  Starport Reactor  
  38  4:32  Infernal Pre-Igniter  
  38  4:38  SCV x2  
  40  4:39  Hellion x2  
  44  4:50  SCV x2  
  46  4:59  Siege Tank  
  49  5:02  Command Center, SCV  
  50  5:11  Medivac, Hellbat x2  
  50  5:13  SCV  
  57  5:14  SCV  
  58  5:38  Hellbat x2  
  62  5:45  Missile Turret  
  62  5:52  SCV x2  
  62  5:53  Siege Tank  
  62  5:56  Missile Turret  
  60  5:57  Missile Turret  
  60  5:58  Supply Depot, Missile Turret  
  60  5:59  Supply Depot  
  60  6:00  Missile Turret x2  
  60  6:03  Terran Vehicle Weapons Level 1  
  58  6:21  Hellbat x2  
  62  6:28  Siege Tank  
  62  6:38  Medivac  
  62  6:39  SCV x2  
  67  6:40  Orbital Command  
  66  6:49  Refinery  
  66  6:51  SCV x2, Refinery  
  68  6:54  Refinery  
  68  6:55  Refinery  
  68  6:58  Hellbat x2  
  72  7:03  SCV x2, Supply Depot  
  72  7:05  Supply Depot  
  72  7:06  SCV  
  75  7:15  SCV x2  
  64  7:19  Siege Tank  
  64  7:20  Medivac  
  69  7:23  SCV  
  69  7:27  SCV x2  
  69  7:28  Hellbat x2  
  76  7:33  Factory  
  76  7:35  SCV  
  77  7:39  SCV x2  
  77  7:42  Medivac  
  81  7:47  SCV, Starport  
  82  7:51  SCV  
  82  7:53  Siege Tank, Hellbat x2  
  82  7:54  SCV  
  91  8:00  SCV  
  91  8:02  Terran Vehicle And Ship Armor Level 1  
  91  8:03  SCV  
  91  8:05  Armory  
  93  8:06  SCV  
  93  8:10  Command Center  
  93  8:12  SCV  
  95  8:13  Missile Turret  
  95  8:15  SCV  
  95  8:19  SCV  
  97  8:24  SCV, Supply Depot, Hellbat x2  
  97  8:25  Factory Tech Lab, Starport Tech Lab  
  102  8:27  SCV  
  102  8:33  SCV  
  102  8:34  Factory  
  104  8:36  Medivac x2  
  108  8:42  SCV  
  108  8:46  Siege Tank, SCV x2  
  114  8:49  Hellbat  
  114  8:54  SCV  
  117  9:04  Terran Vehicle Weapons Level 2  
  117  9:10  Missile Turret x2  
  117  9:12  Missile Turret  
  117  9:13  Missile Turret  
  117  9:16  Supply Depot  
  117  9:20  Refinery  
  117  9:22  SCV x3, Medivac x2, Siege Tank, Refinery, Planetary Fortress, Hellbat  
  129  9:30  Factory Reactor  
  129  9:31  Hellbat  
  131  9:34  SCV  
  131  9:37  SCV x2, Thor  
  138  9:46  SCV  
  138  9:50  SCV x2  
  135  9:58  SCV  
  124  10:15  Siege Tank, Hellbat x4  
  124  10:16  Medivac x2  
  139  10:22  SCV  
  140  10:35  Siege Tank  
  140  10:37  Supply Depot x2  
  140  10:38  Supply Depot  
  140  10:39  Supply Depot  
  140  10:41  Supply Depot  
  140  10:50  SCV  
  140  10:58  Raven, Viking x2  
  140  10:59  SCV x2, Hellbat x4  
  140  11:00  SCV, Hellbat  
  140  11:02  SCV  
  160  11:12  SCV  
  160  11:13  SCV x2  
  160  11:14  SCV  
  160  11:17  Hellbat  
  166  11:20  Hellbat  
  166  11:25  SCV  
  169  11:26  Fusion Core  
  169  11:28  Viking x2  
  169  11:31  Starport  
  173  11:35  Starport, Hellbat  
  173  11:36  Starport, Hellbat x2  
  173  11:37  Starport  
  173  11:38  Starport  
  179  11:53  SCV  
  180  12:12  SCV  
  180  12:14  Supply Depot x2  
  180  12:15  Command Center  
  180  12:17  Supply Depot  
  180  12:31  Starport Tech Lab  
  180  12:32  Starport Tech Lab x4  
Show
View Real Time Build Order
Export as new Build Order

pHARM Zerg 

Build Orders: Hatch First, Swarm Host 

Get SALT Encoding   

  12  0:01  Drone  
  13  0:13  Overlord  
  13  0:22  Drone  
  14  0:31  Drone x2  
  16  0:41  Drone  
  17  0:55  Hatchery  
  16  1:01  Drone x2  
  18  1:18  Spawning Pool, Drone  
  17  1:20  Drone  
  19  1:30  Drone  
  20  1:47  Extractor  
  20  1:53  Drone  
  20  1:54  Overlord  
  20  2:06  Drone  
  21  2:09  Queen x2  
  21  2:11  Zergling x2  
  21  2:15  Drone  
  27  2:23  Drone x2  
  27  3:03  Drone  
  27  3:04  Drone  
  29  3:08  Drone x4  
  29  3:09  Queen  
  29  3:10  Metabolic Boost  
  35  3:16  Overlord  
  35  3:28  Drone  
  35  3:30  Overlord  
  36  3:43  Drone x8  
  44  3:50  Lair  
  44  3:58  Baneling Nest  
  44  4:02  Roach Warren, Drone  
  43  4:03  Drone  
  43  4:04  Evolution Chamber  
  43  4:08  Extractor  
  43  4:09  Extractor  
  40  4:25  Drone  
  40  4:26  Drone x9  
  50  4:51  Spore Crawler x2  
  47  5:12  Zergling x8  
  47  5:14  Overlord x3  
  49  5:34  Baneling x7  
  41  6:06  Zergling x6  
  41  6:07  Zergling x12  
  48  6:20  Zergling x2  
  48  6:21  Zergling x2  
  50  6:30  Zergling x4  
  50  6:31  Queen x2  
  45  6:40  Baneling  
  45  6:41  Roach x2  
  49  6:50  Baneling  
  49  6:51  Roach Warren, Baneling x7  
  49  6:52  Zergling x2  
  49  6:53  Zergling x2  
  50  7:07  Queen  
  48  7:34  Roach x8  
  48  7:35  Roach  
  61  8:01  Drone x2  
  61  8:02  Roach  
  61  8:03  Roach  
  67  8:11  Glial Reconstitution  
  67  8:12  Extractor  
  66  8:35  Overlord x3  
  66  8:44  Hatchery  
  65  8:50  Spire  
  65  8:52  Infestation Pit  
  63  9:17  Drone x2  
  65  9:22  Roach x13  
  91  9:25  Overlord  
  91  9:29  Hive  
  91  9:52  Roach x4  
  95  10:05  Mutalisk x4  
  60  10:30  Mutalisk  
  60  10:31  Mutalisk  
  54  11:01  Drone  
  54  11:02  Drone x10  
  65  11:33  Swarm Host x7  
  65  11:34  Spore Crawler  
  65  11:36  Spine Crawler  
  65  11:38  Drone x4  
  65  11:39  Spine Crawler  
  87  12:07  Nydus Network  
  86  12:10  Extractor  
  86  12:11  Extractor  
Tags
 
Composition
MechSwarm Host
Matchup
TvZ
Replay Pack
10.7.19
Spawn Locations
Cross Positions
Add a new tag
Caveats
  • Supply blocks, unpowered buildings, or Contaminate may cause inaccurate times.
  • Supply counts are checked every 10 seconds.